 Dungeon Crawl Stone Soup version 0.31-a0-1178-gc5c9b8f871 (webtiles) character file.

Game seed: 13005836882015733342

151 qw the Shooter (level 5, -6/32 HPs)
             Began as a Gargoyle Hunter on Dec 11, 2023.
             Mangled by Duvessa
             ... wielding a +4 short sword of draining
              (10 damage)
             ... on level 4 of the Dungeon.
             The game lasted 00:00:45 (2683 turns).

qw the Shooter (Gargoyle Hunter)                    Turns: 2683, Time: 00:00:46

Health: -6/32      AC:  9    Str: 14    XL:     5   Next: 33%
Magic:  5/5        EV: 10    Int: 10    God:
Gold:   196        SH:  0    Dex: 15    Spells: 4/4 levels left

rFire   . . .        a - +0 shortbow (drain)
rCold   . . .        (shield currently unavailable)
rNeg    + . .        d - +0 ring mail
rPois   inf          (no helmet)
rElec   +            (no cloak)
rCorr   .            (no gloves)
SInv    .            (no boots)
Will    .....        (no amulet)
Stlth   +            (no ring)
HPRegen 0.25/turn    (no ring)
MPRegen 0.09/turn

%: no passive effects
@: hasted, very quick
A: sickness immunity, AC +4, negative energy resistance 1, electricity
resistance, torment resistance 1, petrification resistance
a: no special abilities


You were on level 4 of the Dungeon.
You visited 1 branch of the dungeon, and saw 4 of its levels.

You collected 196 gold pieces.


Innate Abilities, Weirdness & Mutations

You are immune to sickness and miasma.
Your stone body is resilient. (AC +4)
You are immune to poison.
You resist negative energy. (rN+)
You are resistant to electric shocks. (rElec)
You are resistant to unholy torment.
You are immune to petrification.


   Skills:
 + Level 3.0 Fighting
 - Level 6.0 Ranged Weapons
 - Level 1.0 Armour
 - Level 1.5 Dodging
 - Level 1.1 Stealth


You had 4 spell levels left.
You didn't know any spells.
Your spell library was empty.

Inventory:

Hand Weapons
 a - a +0 shortbow of draining (weapon)
Armour
 d - a +0 ring mail (worn)

Dungeon Overview and Level Annotations

Branches:
Dungeon (4/15)
 Temple: D:4-7

Altars:

Annotations:
D:4 Dowan, Duvessa


Message History

You start resting.
HP restored.
Done exploring.
What level of the Dungeon? (default 4, ? - help)
You climb downwards.
Level annotation: Dowan, Duvessa The kobold hits you but does no damage.
Duvessa barely misses you. The kobold barely misses you.
There is a stone staircase leading up here.
You shoot an arrow. The arrow hits Duvessa.
Duvessa is moderately wounded.
Duvessa hits you with a +4 short sword of draining.
The kobold barely misses you. Dowan barely misses you.
Duvessa hits you with a +4 short sword of draining!
You shoot an arrow.
The arrow hits Duvessa but does no damage.
Duvessa is moderately wounded.
The kobold barely misses you. Dowan hits you but does no damage.
Duvessa hits you but does no damage.
You shoot an arrow. The arrow barely misses Duvessa.
The kobold barely misses you. Dowan hits you with a +0 dagger.
Duvessa hits you with a +4 short sword of draining.
The kobold hits you but does no damage. Dowan hits you but does no damage.
You shoot an arrow. The arrow barely misses Duvessa.
Duvessa hits you with a +4 short sword of draining!
Dowan hits you but does no damage. The kobold hits you but does no damage.
2681 ||| DRINKING metallic yellow potion.
It was a potion of haste.
You feel yourself speed up. Duvessa closely misses you.
The kobold closely misses you. Dowan closely misses you.
You shoot an arrow. The arrow hits Duvessa.
Duvessa is heavily wounded.
Duvessa says, "When magic and the sword combine, nothing stands against them."
Duvessa hits you with a +4 short sword of draining.
The kobold hits you but does no damage. Dowan gestures at you while chanting.
The puff of flame misses you.
You shoot an arrow. The arrow closely misses Duvessa.
Duvessa hits you with a +4 short sword of draining!
You die...

... ....... ..
..( ... #.
.......
####.##>.....
.......#..##
###.........##
##....ee.......
.......@.......
........K......
...............
.<.............
...............
...............
...............
...............


You could see Duvessa, Dowan and a kobold.

Vanquished Creatures
  Natasha (twice) (D:3)
  An orc wizard (D:3)
  2 adders
  A worm (D:2)
  A dart slug (D:1)
  6 orcs (D:3)
  3 ball pythons
  5 bats
  3 endoplasms
  2 giant cockroaches (D:1)
  8 goblins
  5 hobgoblins
  A frilled lizard (D:3)
  2 kobolds (D:2)
  7 rats
49 creatures vanquished.

Notes
Turn   | Place    | Note
-------+----------+-------------------------------------------
     0 | D:1      | qw the Gargoyle Hunter began the quest for the Orb.
     0 | D:1      | Reached XP level 1. HP: 12/12 MP: 1/1
     0 | D:1      | 0 ||| qw: Version: 0.3-a-106-g2cfff9e
     0 | D:1      | 0 ||| qw: Game counter: 1999
     0 | D:1      | 0 ||| qw: Melee chars always use a shield: true
     0 | D:1      | 0 ||| qw: God list: Okawaru
     0 | D:1      | 0 ||| qw: Allow faded altars: false
     0 | D:1      | 0 ||| qw: Do Orc after clearing Dungeon:15 true
     0 | D:1      | 0 ||| qw: Do second Lair branch before Depths: true
     0 | D:1      | 0 ||| qw: Lair rune preference: random
     0 | D:1      | 0 ||| qw: Goals: Normal, Save, Zot:1-4, Win
     0 | D:1      | 0 ||| PLANNING D:1-11
   104 | D:1      | Reached XP level 2. HP: 17/17 MP: 2/2
   473 | D:1      | Found a faded altar of an unknown god.
   583 | D:1      | Reached XP level 3. HP: 21/21 MP: 3/3
   840 | D:1      | 840 ||| READING scroll labelled NETAPY KOLIPP.
   856 | D:1      | 856 ||| READING 2 scrolls labelled JIZXIOMUZU.
   857 | D:1      | 857 ||| DROPPING scroll of butterflies.
   885 | D:2      | Reached skill level 5 in Ranged Weapons
   885 | D:2      | 885 ||| STAIRDANCE
  1409 | D:2      | Reached skill level 3 in Fighting
  1882 | D:2      | 1882 ||| UPGRADING to +0 ring mail.
  1892 | D:2      | 1892 ||| DROPPING +0 leather armour.
  1893 | D:2      | 1893 ||| DROPPING ring of flight.
  1894 | D:2      | 1894 ||| READING scroll of identify.
  1894 | D:2      | 1894 ||| IDENTIFYING grey potion
  1895 | D:2      | 1895 ||| DROPPING potion of invisibility.
  2008 | D:3      | Reached XP level 4. HP: 25/28 MP: 4/4
  2009 | D:3      | 2009 ||| FLEEEEING.
  2010 | D:3      | 2010 ||| FLEEEEING.
  2011 | D:3      | 2011 ||| FLEEEEING.
  2029 | D:3      | Reached skill level 1 in Armour
  2034 | D:3      | 2034 ||| DRINKING sedimented silvery potion.
  2035 | D:3      | 2035 ||| DRINKING ruby potion.
  2178 | D:3      | Noticed Natasha
  2182 | D:3      | 2182 ||| Stepping ~*~*~tactically~*~*~ (retreating).
  2184 | D:3      | 2184 ||| Stepping ~*~*~tactically~*~*~ (retreating).
  2186 | D:3      | 2186 ||| Stepping ~*~*~tactically~*~*~ (retreating).
  2188 | D:3      | 2188 ||| Stepping ~*~*~tactically~*~*~ (retreating).
  2193 | D:3      | Killed Natasha
  2194 | D:3      | Reached XP level 5. HP: 15/32 MP: 5/5
  2595 | D:3      | Noticed Natasha
  2598 | D:3      | Killed Natasha
  2599 | D:3      | Reached skill level 6 in Ranged Weapons
  2625 | D:3      | 2625 ||| READING 2 scrolls labelled SUTEEN YRETT.
  2626 | D:3      | 2626 ||| READING scroll labelled RIMMAOCRICE.
  2626 | D:3      | 2626 ||| BRANDING +0 shortbow.
  2627 | D:3      | 2627 ||| DROPPING scroll of amnesia.
  2646 | D:4      | Noticed Duvessa
  2647 | D:4      | Noticed Dowan
  2649 | D:4      | 2649 ||| STAIRDANCE
  2653 | D:4      | 2653 ||| STAIRDANCE
  2680 | D:4      | HP: 5/32 [Duvessa/+4 short sword of draining (11)]
  2681 | D:4      | 2681 ||| DRINKING metallic yellow potion.
  2683 | D:4      | Mangled by Duvessa

Levels and vault maps discovered:
D:1:      dpeg_arrival_simpleton_a, layout_loops_ring,
          shapermc_ecumenical_altar_flowoftime, minmay_tall_x
D:2:      minmay_angry_zag, layout_basic
D:3:      layout_basic, kennysheep_generic_room_9, uniq_natasha
D:4:      kennysheep_big_flooded_room, layout_basic,
          minmay_temple_entry_offerings, uniq_duvessa

Skill      XL: |  1  2  3  4  5 |
---------------+----------------+-----
Ranged Weapons | 5 6 |  6.0
Fighting       | 3 |  3.0
Armour         | 1 |  1.0
Dodging        | |  1.5
Stealth        | |  1.1

Action                     |  1- 3 |  4- 6 || total
---------------------------+-------+-------++-------
   Fire: Shortbow          |   108 |    57 ||   165
    Use: Scroll            |     3 |     2 ||     5
         Potion            |       |     3 ||     3
 Armour: Leather armour    |    26 |       ||    26
         Ring mail         |     1 |    50 ||    51
  Dodge: Dodged            |    17 |    31 ||    48

Table legend:
 A = Non-vault XP
 B = Vault XP
 C = Vault XP percentage of total XP
 D = Non-vault monster count
 E = Vault monster count
 F = Vault count percentage of total count
                 A         B        C        D         E       F
            +---------+---------+-------+---------+---------+-------
      Total |     168 |      48 |  22.2 |      41 |       8 |  16.3
            +---------+---------+-------+---------+---------+-------
        D:1 |      28 |       8 |  22.2 |      17 |       4 |  19.0
        D:2 |      40 |       3 |   7.0 |      13 |       2 |  13.3
        D:3 |     100 |      37 |  27.0 |      11 |       2 |  15.4
            +---------+---------+-------+---------+---------+-------
